 Dungeon Crawl Stone Soup version 0.30-a0-834-g1789cb1 (webtiles) character file.

Game seed: 16792073595660462958

47 Illumine the Insei (level 4, 0/52 HPs)
             Began as a Meteoran Transmuter on Feb 28, 2023.
             Succumbed to an adder's poison
             ... on level 3 of the Dungeon.
             The game lasted 00:02:33 (452 turns).

Illumine the Insei (Meteoran Transmuter)             Turns: 452, Time: 00:02:34

Health: 0/52       AC: 22    Str: 11    XL:     4   Next: 17%
Magic:  6/9        EV:  2    Int: 16    God:
Gold:   29         SH:  0    Dex: 15    Spells: 3/9 levels left

rFire   . . .      SeeInvis .      - Unarmed
rCold   . . .      Faith    .    (no shield)
rNeg    . . .      Spirit   .    (body armour currently unavailable)
rPois   +          Reflect  .    (helmet currently unavailable)
rElec   .          Harm     .    (cloak currently unavailable)
rCorr   .          Rampage  .    (gloves currently unavailable)
Will    .....      NoTele   +    (boots currently unavailable)
Stlth   +                        (no amulet)
HPRegen 0.28/turn                (no ring)
MPRegen 0.11/turn                (no ring)

@: lethally poisoned (0 -> -12), tree-form, wereblooded, glowing
A: stationary, stasis, torment immunity, boosted hp, sense surroundings 1,
otherworldly, glowing, explore regen
a: no special abilities


You were on level 3 of the Dungeon.
You were a tree.
You visited 1 branch of the dungeon, and saw 3 of its levels.

You collected 29 gold pieces.

Inventory:

Hand Weapons
 d - a +0 sling
Armour
 a - a +0 robe (melded)
Scrolls
 c - 2 scrolls of identify
 e - 2 scrolls of fear
 f - a scroll of teleportation {unknown}
 g - a scroll of enchant armour {unknown}


   Skills:
 - Level 1.1 Fighting
 - Level 2.4 Dodging
 * Level 4.6 Unarmed Combat
 - Level 3.0 Spellcasting
 + Level 3.5 Transmutations
 + Level 0.5 Poison Magic


You had 3 spell levels left.
You knew the following spells:

 Your Spells              Type           Power      Damage    Failure   Level
a - Beastly Appendage     Tmut           26%        N/A       4%          1
b - Wereblood             Tmut           13%        N/A       7%          2
c - Spider Form           Tmut/Pois      8%         N/A       24%         3

Your spell library contained the following spells:

 Spells                   Type           Power      Damage    Failure   Level
 Ice Form                 Ice/Tmut       8%         N/A       65%         4


Dungeon Overview and Level Annotations

Branches:
Dungeon (3/15) Zot: 1352

Altars:


Innate Abilities, Weirdness & Mutations

You are a tree.
Your roots penetrate the ground, keeping you stationary.
You cannot be teleported.
You are immune to unholy pain and torment.
Your maximum health is greatly increased.
Your equipment is partially melded.
You passively map a small area around you.
You are easily found by Zot.
You glow in the dark.
You regain HP and MP as you explore.


Message History

The orc priest shouts!
An orc comes into view. It is wielding a +0 flail.
The orc priest invokes the aid of Beogh against you.
Beogh smites you!
An adder comes into view.
The adder hisses angrily.
Items here: )) ††.
Casting: Wereblood (safe; 7% risk of failure)
Confirm with . or Enter, or press ? or * to list all spells.
You grow a pair of large bovine horns.
Your feet morph into talons.
Casting: Beastly Appendage (safe; 4% risk of failure)
Confirm with . or Enter, or press ? or * to list all spells.
Your blood is infused with primal strength.
The adder bites you.
You are poisoned.
The adder poisons you!
You hit the adder.
The adder is lightly wounded.
You feel sick. The adder bites you.
You miss the adder. Your kick misses the adder.
The adder is lightly wounded.
You feel sick. The adder barely misses you. The hobgoblin hits you.
You closely miss the adder. Your headbutt misses the adder.
The adder is lightly wounded.
You feel sick. The adder bites you but does no damage. The hobgoblin hits you.
* * * LOW HITPOINT WARNING * * *
You closely miss the adder. You claw the adder.
The adder is heavily wounded.
You feel sick. The adder bites you.
* * * LOW HITPOINT WARNING * * *
You are lethally poisoned!
The adder poisons you! The adder bites you.
* * * LOW HITPOINT WARNING * * *
You are more poisoned.
The adder poisons you! The hobgoblin closely misses you.
Really quaff the potion of lignification?
Your horns disappear.
Your talons disappear.
You turn into a tree.
Your +0 robe melds into your body.
Your roots penetrate the ground.
You die...

......)............
#########...#######
* * , #...########
* #...##.....# * **
#...##.....# , ,
#...##.....# *
####....#.....#
.........#.g...#
.#####.....S♣..# *
, * #..##)#####
#..##...###
#.........# * ,
...#......g.#######
*
.##..............o
, #.
#.......##.....o ,
#.......#* ..... *
######### ...#


You could see an adder and a hobgoblin.

Vanquished Creatures
  An adder (D:3)
  A worm (D:2)
  A dart slug (D:2)
  2 orcs (D:3)
  2 endoplasms
  A giant cockroach (D:1)
  A hobgoblin (D:3)
  6 jackals (D:2)
  2 quokkas (D:2)
  2 ball pythons
  4 bats
  2 frilled lizards
  3 goblins
  3 kobolds
31 creatures vanquished.

Notes
Turn   | Place    | Note
-------+----------+-------------------------------------------
     0 | D:1      | Illumine the Meteoran Transmuter began the quest for the
                  | Orb.
     0 | D:1      | Reached XP level 1. HP: 16/16 MP: 5/5
    51 | D:1      | Reached XP level 2. HP: 23/23 MP: 4/6
    60 | D:1      | Learned a level 2 spell: Wereblood
   108 | D:2      | Reached skill level 4 in Unarmed Combat
   176 | D:2      | Reached XP level 3. HP: 3/28 MP: 6/8
   335 | D:2      | Learned a level 3 spell: Spider Form
   410 | D:3      | Reached XP level 4. HP: 29/35 MP: 9/9
   451 | D:3      | HP: 1/35 [adder (2)]
   452 | D:3      | Succumbed to an adder's poison

Illustrated notes

Levels and vault maps discovered:
D:1:      dpeg_arrival_shrine, layout_rooms, serial_shops,
          nicolae_shop_bloodbath_and_beyond, nicolae_figureground_sparkle
D:2:      layout_loops_ring, kennysheep_generic_room_10, uniq_robin,
          uniq_natasha
D:3:      layout_basic

Skill      XL: |  1  2 |
---------------+-------+-----
Unarmed Combat | 4 |  4.6
Transmutations | 3 |  3.5
Spellcasting   | 3 |  3.0
Fighting       | |  1.1
Dodging        | |  2.4
Poison Magic   | |  0.5

Action                     |  1- 3 |  4- 6 || total
---------------------------+-------+-------++-------
  Melee: Unarmed           |    71 |    11 ||    82
         Headbutt          |     7 |     3 ||    10
         Kick              |     9 |     2 ||    11
         Punch             |     3 |       ||     3
   Cast: Beastly Appendage |    12 |     1 ||    13
         Wereblood         |     1 |     1 ||     2
    Use: Scroll            |     1 |       ||     1
         Potion            |       |     1 ||     1
 Armour: Robe              |    17 |     1 ||    18
  Dodge: Dodged            |    36 |     5 ||    41

Table legend: (Time is in decaauts)
 A = Elapsed time spent in this place.
 B = Non-inter-level travel time spent in this place.
 C = Inter-level travel time spent in this place.
 D = Time resting spent in this place.
 E = Time spent auto-exploring this place.
 F = Levels seen in this place.
 G = Mean time per level.
                   A        B        C        D        E       F      G
               +--------+--------+--------+--------+--------+-----+--------+
         Total |    447 |    447 |      0 |     20 |     97 |   3 |  149.0 |
       Dungeon |    447 |    447 |      0 |     20 |     97 |   3 |  149.0 |
               +--------+--------+--------+--------+--------+-----+--------+

Top non-repeatable levels by time:
     D:2: 276 daAuts
     D:3: 88 daAuts
     D:1: 82 daAuts
